Map: Kairos Junction LE

Players

Marmew

  • Race: Terran Terran
  • League: Master
  • Spawn Location: 5:00

Mez - Winner!

  • Race: Terran Terran
  • League: Master
  • Spawn Location: 11:00

VOD

Have the link to the VOD?

Description

Time

  • Played on: Aug. 15, 2019, 3:11 p.m.
  • Length: 11:01
Show
View Real Time Build Order
Export as new Build Order

Marmew Terran 

Build Orders: Gas First Reaper Expand 

Get SALT Encoding   

  12  0:00  SCV  
  13  0:12  SCV  
  14  0:17  Supply Depot  
  14  0:24  SCV  
  15  0:34  Refinery  
  15  0:39  SCV  
  16  0:45  Barracks  
  16  0:51  SCV  
  17  1:03  SCV  
  18  1:15  SCV  
  19  1:33  Orbital Command  
  19  1:34  Reaper  
  20  1:48  Command Center  
  20  2:00  SCV, Supply Depot  
  21  2:07  Barracks Reactor  
  20  2:12  SCV  
  21  2:18  Factory  
  21  2:25  SCV  
  22  2:37  Refinery  
  22  2:38  SCV  
  23  2:50  SCV  
  24  2:52  Barracks Tech Lab  
  24  3:01  Orbital Command  
  24  3:05  Starport  
  24  3:08  SCV  
  24  3:12  Marauder  
  27  3:14  Concussive Shells  
  27  3:17  Hellion x2  
  31  3:21  SCV  
  31  3:24  Supply Depot  
  31  3:27  SCV  
  33  3:33  Marauder  
  35  3:40  Hellion x2, SCV  
  40  3:45  Medivac  
  42  3:50  SCV  
  40  4:04  SCV  
  40  4:08  Hellion x2, Marine  
  40  4:09  Stimpack, SCV  
  47  4:16  SCV  
  48  4:19  Starport Reactor  
  48  4:21  SCV  
  48  4:22  Barracks  
  49  4:28  Marine  
  51  4:31  SCV  
  51  4:35  SCV  
  51  4:36  Barracks  
  51  4:37  Refinery  
  48  4:55  SCV  
  48  4:59  SCV  
  41  5:00  Marine  
  41  5:01  Factory Tech Lab  
  41  5:06  Engineering Bay  
  42  5:07  SCV  
  42  5:09  Starport Reactor  
  42  5:11  SCV  
  44  5:19  SCV  
  45  5:22  Siege Tank  
  45  5:23  SCV  
  45  5:25  Marine x4  
  53  5:28  Supply Depot  
  53  5:29  Supply Depot x2  
  53  5:31  SCV  
  54  5:35  Marine, Terran Infantry Weapons Level 1  
  53  5:43  SCV  
  53  5:49  Marine x4  
  54  5:54  Marauder  
  54  5:55  SCV  
  56  5:58  Orbital Command  
  56  6:07  SCV  
  56  6:08  Marine x3  
  49  6:18  Marine  
  49  6:19  SCV, Marine  
  47  6:26  SCV  
  47  6:27  Medivac x2  
  47  6:31  SCV  
  48  6:44  SCV  
  48  6:45  Marine  
  48  6:46  Marine x4  
  52  6:48  SCV  
  52  6:50  Siege Tank  
  52  6:53  Combat Shield  
  54  6:56  SCV  
  55  7:02  SCV  
  55  7:04  Marauder  
  55  7:06  Barracks  
  55  7:08  SCV  
  59  7:09  Supply Depot  
  59  7:11  Supply Depot  
  59  7:13  Marine x2  
  59  7:14  Marine  
  62  7:30  Marine x2  
  62  7:31  Siege Tank, SCV, Medivac  
  62  7:33  Marine, Medivac  
  62  7:35  Marine x2  
  62  7:37  SCV  
  76  7:38  Supply Depot  
  76  7:40  Terran Infantry Armor Level 1  
  76  7:47  SCV  
  77  7:51  Supply Depot  
  77  7:52  Marine, Supply Depot  
  77  7:53  Marine  
  78  7:59  Marine x2  
  78  8:00  Marine  
  78  8:02  SCV x2  
  82  8:16  Marine  
  82  8:17  Marine  
  82  8:19  SCV  
  85  8:22  Command Center  
  85  8:28  Marine x2  
  87  8:37  Marine x3  
  89  8:46  Marine x2  
  90  8:51  SCV  
  90  8:52  SCV  
  78  9:05  SCV  
  57  9:21  SCV  
  52  9:33  SCV  
  42  9:45  SCV  
  42  9:51  Barracks  
  42  9:53  Orbital Command  
  42  9:54  Factory  
  42  9:56  Factory  
  42  9:57  SCV, Barracks  
  42  10:04  Planetary Fortress  
  42  10:07  Marine x3  
  33  10:18  SCV  
  30  10:24  Marine x2  
  30  10:25  Marine  
  33  10:33  SCV  
  32  10:42  Marine  
  32  10:45  Barracks Reactor  
  32  10:46  Factory Tech Lab x2  
Show
View Real Time Build Order
Export as new Build Order

Mez Terran - Winner!

Build Orders: Cyclone Opening 

Get SALT Encoding   

  12  0:02  SCV  
  13  0:14  SCV  
  13  0:18  Supply Depot  
  14  0:26  SCV  
  15  0:39  SCV  
  15  0:41  Barracks  
  16  0:47  Refinery  
  16  0:50  Refinery  
  16  0:54  SCV  
  17  1:06  SCV  
  18  1:20  SCV  
  19  1:29  Reaper  
  19  1:31  Supply Depot  
  20  1:33  Orbital Command  
  20  1:44  Factory  
  20  1:59  SCV  
  20  2:01  Reaper  
  22  2:11  SCV  
  23  2:24  Command Center  
  23  2:29  Factory Tech Lab  
  23  2:34  Supply Depot  
  23  2:36  SCV  
  24  2:43  Barracks Reactor  
  24  2:50  Cyclone  
  27  2:53  SCV  
  28  2:59  Starport  
  28  3:05  SCV  
  29  3:17  SCV  
  30  3:21  Marine x2  
  30  3:26  Cyclone  
  35  3:29  SCV  
  36  3:37  Starport Tech Lab  
  36  3:40  Refinery, Orbital Command  
  36  3:41  SCV  
  39  4:05  Raven  
  39  4:07  SCV x2  
  39  4:18  Siege Tank, Marine x2  
  39  4:23  SCV x2  
  46  4:25  Supply Depot  
  46  4:36  SCV x2, Marine x2  
  50  4:47  Raven  
  50  4:48  SCV x2  
  50  4:49  Supply Depot  
  49  5:00  SCV x2  
  49  5:02  Siege Tank  
  49  5:05  Marine  
  49  5:06  Marine  
  56  5:07  Command Center  
  56  5:12  SCV x2  
  58  5:15  Supply Depot  
  58  5:23  Barracks  
  58  5:24  SCV  
  58  5:25  Barracks  
  58  5:26  Marine x2  
  58  5:28  SCV  
  62  5:39  Raven, Siege Tank  
  62  5:41  SCV x2  
  69  5:52  Marine x2  
  69  5:53  SCV x2  
  70  6:10  Marine x2  
  69  6:15  SCV x2  
  69  6:17  Barracks Reactor x2  
  69  6:18  Siege Tank  
  65  6:20  Orbital Command  
  65  6:23  Supply Depot  
  60  6:26  Supply Depot  
  60  6:27  SCV x2  
  60  6:39  SCV x2  
  60  6:50  Medivac x2  
  60  6:51  SCV x2, Marine  
  60  6:52  Siege Tank  
  60  6:53  SCV  
  69  6:56  Supply Depot  
  69  6:59  Barracks  
  69  7:00  Barracks  
  69  7:01  Marine x2  
  70  7:02  Engineering Bay  
  70  7:03  SCV x2  
  70  7:05  Orbital Command  
  70  7:06  Refinery  
  73  7:08  Marine  
  74  7:15  SCV  
  74  7:18  Marine x2  
  74  7:19  Marine x2  
  74  7:22  Medivac  
  81  7:27  SCV x2  
  83  7:30  Terran Infantry Weapons Level 1  
  83  7:31  SCV  
  83  7:33  Refinery  
  83  7:36  Medivac  
  83  7:37  Marine x3  
  86  7:39  SCV  
  86  7:40  SCV  
  86  7:44  SCV  
  92  7:51  Barracks Reactor x2, SCV  
  92  7:52  SCV  
  92  7:55  Supply Depot  
  92  7:56  SCV, Supply Depot  
  95  8:03  SCV  
  95  8:04  SCV  
  97  8:06  Engineering Bay  
  97  8:08  SCV, Armory  
  97  8:09  Marine x3  
  101  8:13  Marine x2  
  101  8:17  Siege Tank  
  101  8:18  Medivac x2  
  112  8:20  Supply Depot  
  112  8:26  Refinery, Marine x2  
  111  8:27  Marine  
  111  8:28  Factory  
  111  8:31  Marine x2  
  111  8:32  Supply Depot  
  111  8:33  Supply Depot  
  115  8:44  Marine  
  108  8:48  Marine  
  108  8:49  Marine  
  100  8:59  Siege Tank, Marine  
  98  9:07  Marine  
  98  9:08  Marine x5  
  91  9:31  Cyclone  
  91  9:34  Marine  
  91  9:35  Marine x7  
  94  9:52  Marine x4  
  93  9:53  Marine x3  
  97  10:20  Siege Tank  
  98  10:23  Marine x3  
  98  10:25  Barracks  
  98  10:27  Starport  
  101  10:31  Marine x2  
  101  10:33  Orbital Command  
  103  10:53  Barracks Tech Lab  
  103  10:55  Barracks  
  103  10:56  Barracks  
  103  11:00  Command Center  
Tags
 
Add a new tag
Caveats
  • Supply blocks, unpowered buildings, or Contaminate may cause inaccurate times.
  • Supply counts are checked every 10 seconds.